 Dungeon Crawl Stone Soup version 0.23.1 (webtiles) character file.

Game seed: 5906869985154907393

125 snowfan the Firebug (level 4, 0/24 HPs)
             Began as a Deep Elf Fire Elementalist on Mar 19, 2019.
             Killed from afar by an orc wizard (7 damage)
             ... with a magic dart
             ... on level 3 of the Dungeon.
             The game lasted 00:07:52 (2362 turns).

snowfan the Firebug (Deep Elf Fire Elementalist)    Turns: 2362, Time: 00:07:53

Health: 0/24       AC:  2    Str:  5    XL:     4   Next: 82%
Magic:  2/10       EV: 13    Int: 26    God:
Gold:   161        SH:  0    Dex: 15    Spells: 0/9 levels left

rFire    . . .     SeeInvis .   h - +0 dagger
rCold    + . .     Gourm    .   (no shield)
rNeg     . . .     Faith    .   a - +0 robe
rPois    .         Spirit   .   (no helmet)
rElec    .         Reflect  .   (no cloak)
rCorr    .         Harm     .   (no gloves)
MR       .....                  (no boots)
Stlth    +.........             (no amulet)
HPRegen  0.08/turn              i - ring of protection from cold
MPRegen  0.12/turn              (no ring)

@: confused, brilliant
A: no striking features
a: no special abilities


You were on level 3 of the Dungeon.
You were not hungry.

You visited 1 branch of the dungeon, and saw 3 of its levels.

You collected 161 gold pieces.

Inventory:

Hand Weapons
 h - a +0 dagger (weapon)
Armour
 a - a +0 robe (worn)
Jewellery
 i - a ring of protection from cold (left hand)
Scrolls
 f - 6 scrolls of identify {unknown}
 g - a scroll of remove curse {unknown}
 j - a scroll of enchant armour {unknown}
 k - 2 scrolls of blinking {unknown}
 o - a scroll of teleportation {unknown}
Potions
 b - 4 potions of brilliance
 d - a potion of lignification {unknown}
 e - 3 potions of agility {unknown}
 l - 3 potions of curing {unknown}
 m - a potion of haste {unknown}
Comestibles
 c - 3 rations
 n - 3 chunks of flesh


   Skills:
 * Level 3.0 Dodging
 - Level 2.4 Stealth
 + Level 3.2 Spellcasting
 * Level 3.4 Conjurations
 + Level 4.7 Fire Magic


You couldn't memorise any spells.
You knew the following spells:

 Your Spells              Type           Power        Failure   Level  Hunger
a - Flame Tongue          Conj/Fire      #####        1%          1    None
d - Conjure Flame         Conj/Fire      #####...     1%          3    ###....
s - Throw Flame           Conj/Fire      #####.       1%          2    #......
x - Inner Flame           Hex/Fire       ####....     1%          3    ###....

Your spell library contained the following spells:

 Spells                   Type           Power        Failure   Level  Hunger
 Magic Dart               Conj           ####         1%          1    None
 Searing Ray              Conj           #####.       1%          2    #......
 Dazzling Spray           Conj/Hex       ####..       1%          3    ###....
 Iskenderun's Mystic Bla  Conj           #####...     2%          4    ####...
 Sticky Flame             Conj/Fire      #####...     2%          4    ####...
 Force Lance              Conj/Tloc      ####....     5%          4    ####...
 Fulminant Prism          Conj/Hex       ####......   5%          4    ####...
 Fireball                 Conj/Fire      #####.....   5%          5    ######.


Dungeon Overview and Level Annotations

Branches:
Dungeon (3/15)

Altars:
Gozag
Qazlal
The Shining One


Message History

The orc wizard is heavily wounded.
The orc wizard gestures at you while chanting.
You are confused.
You bump into the rock wall.
The orc wizard barely misses you. The orc wizard barely misses you.
The orc wizard hits you with a +0 dagger.
* * * LOW HITPOINT WARNING * * *
You are too injured to fight recklessly!
You miss the orc wizard.
The orc wizard is heavily wounded.
The orc wizard mumbles some strange words.
The orc wizard flickers and vanishes!
Deactivating autopickup; reactivate with Ctrl-A.
You feel less confused.
You hear some strange, mumbled words.
You are confused.
You hear some strange, mumbled words.
A magic dart appears from out of thin air!
The magic dart hits you!
You die...

#.......#..........# .. ...
......#.#.#.##...#####.##..
......#.#.#........[.#... #
...#..#.#.####.#####.#.#..#
..........# #..).........#
........############.#.......
.#...................#.#'####
.#.###.##########...........
.#..............@...........#
.#.).........####...........#
.#...........# #...........#
.#...........# #...........
.#...........# #...........
.#...........# #...........
..........(..# ............
###'##.####### ..........
#.##.#


There were no monsters in sight!

Vanquished Creatures
  An orc wizard (D:3)
  An adder (D:3)
  An ooze (D:1)
  2 adder zombies (D:1)
  A worm (D:3)
  3 dart slugs (D:1)
  A leopard gecko (D:1)
  3 orcs (D:3)
  5 giant cockroaches
  7 goblins
  6 hobgoblins
  3 jackals (D:2)
  7 kobolds
  4 quokkas
  5 bats
  9 frilled lizards
  7 rats
66 creatures vanquished.

Notes
Turn   | Place    | Note
-------+----------+-------------------------------------------
     0 | D:1      | snowfan the Deep Elf Fire Elementalist began the quest for
                  | the Orb.
     0 | D:1      | Reached XP level 1. HP: 10/10 MP: 6/6
   179 | D:1      | Reached XP level 2. HP: 15/15 MP: 6/8
   298 | D:1      | Reached skill level 4 in Fire Magic
   568 | D:1      | Reached XP level 3. HP: 19/19 MP: 3/9
   621 | D:1      | Learned a level 2 spell: Throw Flame
   625 | D:1      | Learned a level 3 spell: Conjure Flame
  1163 | D:2      | Found a glowing golden altar of the Shining One.
  1200 | D:2      | Found a faded altar of an unknown god.
  1268 | D:2      | Found an opulent altar of Gozag.
  1547 | D:2      | Found a stormy altar of Qazlal.
  1792 | D:3      | Reached XP level 4. HP: 24/24 MP: 2/10
  1936 | D:3      | Learned a level 3 spell: Inner Flame
  2362 | D:3      | Killed from afar by an orc wizard

Skill      XL: |  1  2  3  4 |
---------------+-------------+-----
Conjurations   | 2 3 |  3.4
Fire Magic     | 4 |  4.7
Dodging        | 3 |  3.0
Stealth        | |  2.4
Spellcasting   | |  3.2

Action                   |  1- 3 |  4- 6 || total
-------------------------+-------+-------++-------
Melee: Unarmed           |     3 |       ||     3
       Dagger            |       |     6 ||     6
 Cast: Flame Tongue      |    73 |    25 ||    98
       Throw Flame       |     4 |    13 ||    17
       Conjure Flame     |       |     1 ||     1
       Inner Flame       |       |     1 ||     1
  Use: Potion            |       |     1 ||     1
  Eat: Chunk             |     3 |     2 ||     5
Armor: Robe              |    13 |       ||    13
Dodge: Dodged            |    37 |     8 ||    45
